Match 44737863
Unlisted

Match 44737863
End
Construct Barracks
Selects Armored Battlegroup
Engineer Squad
Riflemen Squad
Riflemen Squad
Grenade Package
Construct Medical Station
Selects Veteran Crews
Riflemen Squad
Mechanized Support Center
Construct Motor Pool
Selects Strength in Steel
M8 Greyhound Armored Car
M8 Greyhound Armored Car
Improvised Armor
Mortar Pit
Designate Forward Repair Station
Mortar Pit
M3 75 mm Gun Motor Carriage
M3 75 mm Gun Motor Carriage
Selects M31 Recovery Vehicle
M31 Recovery Vehicle
Riflemen Squad
Selects M8 Scott SPG
Selects UNKNOWN (2160077)
Salvage Crew
M1918 Browning Automatic Rifles
M8 Scott SPG
.30 cal Machine Gun
Construct Tank Depot
Selects War Machine
M4A3E8 Sherman Easy Eight
M4A3E8 Sherman Easy Eight
M4A3E8 Sherman Easy Eight
1⁄4-ton 4x4 Truck
1⁄4-ton 4x4 Truck
M4A3E8 Sherman Easy Eight
M31 Recovery Vehicle
狼少
杨司令
Exf
Gravey
soda soda
xxxxxxx
只因未来
新年辞旧喜洋洋
0
0

Comments sign in to comment!

No comments posted yet!